 Dungeon Crawl Stone Soup version 0.29-a0-919-gd064cfad1c (webtiles) character file.

Game seed: 1645983463355870177

25797 Sobieck the Destroyer (level 13, -2/89 HPs)
             Began as an Octopode Conjurer on July 26, 2022.
             Was a Believer of Ashenzari.
             Slain by Rupert
             ... wielding a +4 vorpal great mace
              (3 damage)
             ... while paralysed by Rupert
             ... on level 3 of the Lair of Beasts.
             The game lasted 00:55:43 (17024 turns).

Sobieck the Destroyer (Octopode Conjurer)          Turns: 17024, Time: 00:55:44

Health: -2/89      AC:  1    Str:  5    XL:     13   Next: 21%
Magic:  28/28      EV:  2    Int: 27    God:    Ashenzari [**....]
Gold:   1068       SH:  0    Dex: 12    Spells: 23/34 levels left

rFire   + . .      SeeInvis +   b - staff of conjuration (curse) {!a@e2staff, Bglg, Melee}
rCold   x . .      Faith    .   W - +3 kite shield {reflect}
rNeg    + + +      Spirit   .   (helmet restricted)
rPois   +          Reflect  +   K - amulet of Star-Bound Wisdom {RegenMP, @e2, Cun, Bglg} (curse)
rElec   +          Harm     .   n - ring of Ashenzari's Sybil {rElec rPois rC- Dex+2 Stlth+, Bglg, Elem} (curse)
rCorr   +          Rampage  .   y - ring "Chained Visionary" {rCorr, Bglg, Self} (curse)
Will    +....                   I - ring of Ashenzari's Idealism {Will+, Range, Elem} (curse)
Stlth   +++++.....              Q - +4 ring of evasion
HPRegen 0.24/turn               Y - ring of positive energy
MPRegen 0.61/turn               X - ring "Koginn" {+Blink rF+ rN++ Str-3 Int+3}
                                (no ring)
                                (no ring)

@: paralysed
A: almost no armour, amphibious, 8 rings, camouflage 1, gelatinous body 1,
(nimble swimmer 1), tentacles
a: Renounce Religion, Evoke Blink, Curse Item, Shatter the Chains


You were on level 3 of the Lair of Beasts.
You worshipped Ashenzari.
Ashenzari was pleased with you.
You visited 3 branches of the dungeon, and saw 16 of its levels.
You also visited: Sewer, Ossuary, Bailey and Gauntlet.

You collected 1068 gold pieces.


Innate Abilities, Weirdness & Mutations

You cannot wear most types of armour.
You are amphibious.
You can wear up to eight rings at the same time.
Your skin changes colour to match your surroundings (Stealth+).
Your rubbery body absorbs attacks. (AC +1, EV +1)
((You are camouflaged when in or above water. (Stealth+)))
You have tentacles for arms and can constrict up to eight enemies at once.


   Skills:
 - Level 7.1(8.4) Fighting
 - Level 6.0(7.2) Dodging
 - Level 5.0(6.2) Stealth
 - Level 10.0 Shields
 - Level 9.7(11.0) Spellcasting
 + Level 11.7(14.7) Conjurations
 - Level 4.3(7.2) Hexes
 - Level 3.4(6.1) Translocations
 - Level 7.0 Evocations


You had 23 spell levels left.
You knew the following spells:

 Your Spells              Type           Power      Damage    Failure   Level
a - Magic Dart            Conj           100%       1d8       1%          1
b - Searing Ray           Conj           100%       2d8       1%          2
c - Fulminant Prism       Conj/Hex       42%        3d20      1%          4
d - Iskenderun's Mystic   Conj/Tloc      82%        2d16      1%          4

Your spell library contained the following spells:

 Spells                   Type           Power      Damage    Failure   Level
 Dazzling Flash           Conj/Hex       100%       N/A       1%          3
 Summon Guardian Golem    Hex/Summ       34%        N/A       6%          3
 Sting                    Tmut/Pois      56%        1d5       9%          1
 Summon Small Mammal      Summ           56%        N/A       9%          1
 Sublimation of Blood     Necr           14%        N/A       13%         2
 Wereblood                Tmut           14%        N/A       13%         2
 Ignite Poison            Fire/Tmut/Pois 15%        N/A       24%         3
 Call Canine Familiar     Summ           14%        N/A       26%         3
 Corpse Rot               Necr/Pois/Air  15%        N/A       63%         4
 Dispel Undead            Necr           14%        3d10      63%         4
 Death Channel            Necr           7%         N/A       100%        6
 Simulacrum               Ice/Necr       7%         N/A       100%        6
 Haunt                    Necr/Summ      7%         N/A       100%        7
 Summon Hydra             Summ           7%         N/A       100%        7

Inventory:

Hand Weapons
 a - the +3 sling of Massacring {venom, rF++ Int+3}
   (You found it on level 3 of the Dungeon)

   Any ammunition fired from it poisons the flesh of those it strikes.
   Int:       It affects your intelligence (+3).
   rF:        It greatly protects you from fire.
 c - a +0 mace {mace}
   (You found it on level 1 of the Dungeon)
 d - a +0 shortbow of venom {bow}
   (You found it on level 1 of the Dungeon)
 v - a +0 dagger {short}
   (You took it off an orc on level 4 of the Dungeon)
 A - a +2 dagger of venom {short}
   (You took it off an orc wizard on level 10 of the Dungeon)
 G - a +0 dagger of venom {short}
   (You took it off an orc on level 7 of the Dungeon)
 J - a +0 dagger of distortion {!wshort}
   (You took it off Sonja on level 11 of the Dungeon)
 L - the +9 hand axe of Diet Blood {flame, rC- Str+4 Int+3, axe}
   (You took it off a centaur on level 8 of the Dungeon)

   It burns those it strikes, dealing additional fire damage.
   Big, fiery blades are also staple armaments of hydra-hunters.
   Str:       It affects your strength (+4).
   Int:       It affects your intelligence (+3).
   rC:        It makes you vulnerable to cold.
 M - a +2 spear {polearm}
   (You took it off a wight on level 8 of the Dungeon)
 N - a +2 scimitar {long}
   (You took it off a wight on level 8 of the Dungeon)
 O - a +3 battleaxe of freezing {axe}
   (You took it off a wight on level 8 of the Dungeon)
 P - a +3 scimitar of flaming {long}
   (You took it off Erica on level 8 of the Dungeon)
 S - a +3 battleaxe {axe}
   (You took it off a wight on level 8 of the Dungeon)
Missiles
 h - 146 stones {throwing}
 l - 16 poisoned darts {throwing}
 u - 3 boomerangs {throwing}
 R - a throwing net {=f!fthrowing}
Armour
 W - a +3 kite shield of reflection (worn)
   (You took it off an orc knight in a bailey)
Magical Staves
 b - a cursed staff of conjuration (weapon) {!a@e2staff, Bglg, Melee}
   (You acquired it in a sewer)
Jewellery
 n - the cursed ring of Ashenzari's Sybil (left tentacle) {rElec rPois rC- Dex+2 Stlth+, Bglg, Elem}
   (You found it on level 3 of the Dungeon)

   [ring of poison resistance]

   Dex:       It affects your dexterity (+2).
   rC:        It makes you vulnerable to cold.
   rElec:     It insulates you from electricity.
   rPois:     It protects you from poison.
   Stlth:     It makes you more stealthy.
   It has a curse which improves the following skills: Beguiling: Conjurations,
   Hexes and Translocations.
   Elements:  Fire Magic, Ice Magic, Air Magic and Earth Magic.
 y - the cursed ring "Chained Visionary" (right tentacle) {rCorr, Bglg, Self}
   (You found it on level 5 of the Dungeon)

   [ring of resist corrosion]

   rCorr:     It protects you from acid and corrosion.
   It has a curse which improves the following skills: Beguiling: Conjurations,
   Hexes and Translocations.
   Introspection: Fighting and Spellcasting.
 I - the cursed ring of Ashenzari's Idealism (on tentacle) {Will+, Range, Elem}
   (You found it on level 7 of the Dungeon)

   [ring of willpower]

   Will:      It increases your willpower.
   It has a curse which improves the following skills: Ranged Combat: Ranged
   Weapons and Throwing.
   Elements:  Fire Magic, Ice Magic, Air Magic and Earth Magic.
 K - the cursed amulet of Star-Bound Wisdom (around mantle) {RegenMP, @e2, Cun, Bglg}
   (You found it on level 8 of the Dungeon)

   [amulet of magic regeneration]

   It increases your rate of magic regeneration.
   It has a curse which improves the following skills: Cunning: Dodging and
   Stealth.
   Beguiling: Conjurations, Hexes and Translocations.
 Q - a +4 ring of evasion (on tentacle)
   (You took it off an orc wizard on level 8 of the Dungeon)
 X - the ring "Koginn" (on tentacle) {+Blink rF+ rN++ Str-3 Int+3}
   (You found it on level 11 of the Dungeon)

   [ring of protection from fire]

   Str:       It affects your strength (-3).
   Int:       It affects your intelligence (+3).
   rF:        It protects you from fire.
   rN:        It greatly protects you from negative energy.
   +Blink:    It lets you blink.
 Y - a ring of positive energy (on tentacle)
   (You found it on level 10 of the Dungeon)
Wands
 j - a wand of digging (18)
   (You took it off Jessica on level 2 of the Dungeon)
 w - a wand of quicksilver (18)
   (You found it on level 4 of the Dungeon)
 D - a wand of roots (5)
   (You found it on level 6 of the Dungeon)
Scrolls
 e - 3 scrolls of immolation {!r!r}
 f - 2 scrolls of magic mapping {!r}
 k - 6 scrolls of teleportation {@r4}
 r - a scroll of enchant weapon
 x - 2 scrolls of poison
 C - 3 scrolls of butterflies
 F - a scroll of fear
 T - a scroll of blinking {!r}
 Z - a scroll of summoning
Potions
 g - 3 potions of attraction {!q}
 i - 4 potions of flight
 m - 2 potions of lignification {!q}
 o - 4 potions of haste {@q3}
 p - a potion of magic
 q - 3 potions of brilliance
 s - 4 potions of curing {@q1}
 t - 3 potions of might
 z - 2 potions of resistance
 B - a potion of degeneration {!q@e2}
 E - 2 potions of heal wounds {@q2}
 H - a potion of berserk rage {!q}
 U - a potion of cancellation
 V - a potion of ambrosia

Dungeon Overview and Level Annotations

Branches:
Dungeon (12/15) Zot: 26710  Temple (1/1) D:5 Zot: 5983    Lair (3/5) D:11 Zot: 15924
  Swamp (0/4) Lair:2          Orc (0/2) D:10          Sewer (visited)
Ossuary (visited)          Bailey (visited)         Gauntlet (visited)
  Snake: Lair:2-3    Spider: Lair:2-3

Altars:
Ashenzari
Cheibriados
Elyvilon
Fedhas
Gozag
Okawaru
Ru
Sif Muna
Trog
Uskayaw
Vehumet
Wu Jian
Yredelemnul
Zin
The Shining One

Shops:
D:1 *   D:3 *   D:6 *

Annotations:
D:7 Joseph
D:11 exclusion: downstairs
D:12 Frances
Lair:2 3 runed translucent doors, Mistam's ghost, journeyman TeCj
Lair:3 Rupert

#.## ### ######## * *
#####.###.###.#P.#.###P..
,
..........................
......................####
, ##........P###.####...##
* ,
#..#..@....##..#.##...P# *
..........#......#P..P.##
..##......##.....#..≈≈..#.
.@ #......##....@#.≈≈≈≈≈.#
.. #......#....@S.≈≈≈≈≈≈..
........++........≈≈≈≈≈.
,.........##......<.≈≈≈≈≈.
..#......###......≈≈≈≈≈≈.
,, ,
#.#......#*#.##...≈≈≈≈≈≈.
, .......≈≈≈≈≈≈..,, , ,,
.........≈≈≈≈..., ,,
........≈≈≈≈...>


You could see Rupert (berserk) and a guardian serpent.


Message History

Your fulminant prism crackles loudly.
The blast of energy engulfs Amaemon!!!
You kill Amaemon!
You hear a splash.
The orange demon no longer looks unusually toxic.
Casting: Fulminant Prism (mildly dangerous; 1% risk of failure)
Confirm with . or Enter, or press ? or * to list all spells.
Aiming: Fulminant Prism (mildly dangerous; 1% risk of failure)
Press: ? - help, Dir - move target You feel a surge of power!
You conjure a prism of explosive energy!
A fulminant prism comes into view.
Your fulminant prism crackles loudly.
The blast of energy engulfs the orange demon!!
Casting: Fulminant Prism (mildly dangerous; 1% risk of failure)
Confirm with . or Enter, or press ? or * to list all spells.
Aiming: Fulminant Prism (mildly dangerous; 1% risk of failure)
Press: ? - help, Dir - move target You feel a surge of power!
You conjure a prism of explosive energy!
A fulminant prism comes into view.
Your fulminant prism crackles loudly.
The blast of energy engulfs the orange demon!
Casting: Fulminant Prism (mildly dangerous; 1% risk of failure)
Confirm with . or Enter, or press ? or * to list all spells.
Aiming: Fulminant Prism (mildly dangerous; 1% risk of failure)
Press: ? - help, Dir - move target You feel a surge of power!
You conjure a prism of explosive energy!
A fulminant prism comes into view.
Your fulminant prism crackles loudly.
The blast of energy engulfs the orange demon!!
You kill the orange demon!
Your pack is full.
You see here a +1 demon whip of venom {mace}.
Your pack is full.
You see here a +1 demon whip of venom {mace}.
Could not pick up a +1 demon whip of venom {mace} here; ([A]lways) ignore it?
Autopickup disabled for demon whips.
You sense a monster nearby.
You now have 1031 gold pieces (gained 10).
Found a stone staircase leading down.
There is a stone staircase leading down here.
You now have 1045 gold pieces (gained 14).
You now have 1057 gold pieces (gained 12).
Ashenzari invites you to partake of a vision and a curse of melee combat and fortitude.
Okay, then.
Unknown command.
The bullfrog gives a loud, deep croak!
The water moccasin hisses angrily.
You hear a bellow!
Found a stone staircase leading down.
Unknown command.
There is a stone staircase leading down here.
You now have 1068 gold pieces (gained 11).
Unknown command.
Could not explore, unopened runed door.
There is a stone staircase leading down here.
You climb downwards.
Found a stone staircase leading down.
There is a stone staircase leading up here.
Unknown command.
Unknown command.
Rupert the Wild comes into view.
He is wielding a +4 vorpal great mace.
Danger!
Casting: Fulminant Prism (mildly dangerous; 1% risk of failure)
Confirm with . or Enter, or press ? or * to list all spells.
Aiming: Fulminant Prism (mildly dangerous; 1% risk of failure)
Press: ? - help, Dir - move target You feel a surge of power!
You conjure a prism of explosive energy!
A fulminant prism comes into view.
Rupert shouts!
Unknown command.
Your fulminant prism crackles loudly.
Rupert roars wildly at you.
You easily resist.
The blast of energy engulfs Rupert!!
You hear a shout!
You hear a croak.
You hear a roar!
A guardian serpent comes into view.
The guardian serpent coils itself and waves its upper body at you.
The bolt of poison hits you! You resist.
Unknown command.
The guardian serpent casts a spell at you.
Rupert blinks!
Really attack while wielding your cursed staff of conjuration {!a@e2staff, Bglg, Melee}? [Y]es or [N]o only, please.
Really attack while wielding your cursed staff of conjuration {!a@e2staff, Bglg, Melee}?
Okay, then.
Rupert attacks as you move away! You block Rupert's attack.
Rupert yells loudly at you.
You suddenly lose the ability to move!
The guardian serpent hits you!!
Rupert screams, "You killed all those lovely monsters, you murderer!"
The guardian serpent hits you.
Rupert roars madly and goes into a rage!
Rupert goes berserk!
The guardian serpent hits you!!
* * * LOW HITPOINT WARNING * * *
Rupert hits you with a +4 vorpal great mace!!
* * * LOW HITPOINT WARNING * * *
You die...

Skill      XL: |  1  2  3  4  5  6  7  8  9 10 11 12 13 |
---------------+----------------------------------------+-----
Fighting       | 1 2 3 4 6 7 |  7.1
Conjurations   | 5 6 7 9 10 11 | 11.7
Dodging        | 3 4 6 |  6.0
Hexes          | 1 2 3 4 |  4.3
Spellcasting   | 3 4 5 9 |  9.7
Evocations     | 3 5 7 |  7.0
Translocations | 2 3 |  3.4
Stealth        | 4 5 |  5.0
Shields        | 1 8 10 | 10.0

Action                   |  1- 3 |  4- 6 |  7- 9 | 10-12 | 13-15 || total
-------------------------+-------+-------+-------+-------+-------++-------
Melee: Unarmed           |     4 |       |       |       |       ||     4
       Tentacles         |     3 |       |       |     1 |       ||     4
       Constrict         |     1 |       |     1 |       |       ||     2
       Staff             |       |       |     3 |     1 |       ||     4
 Fire: Shortbow          |    62 |    51 |       |       |       ||   113
       Sling             |       |    60 |   155 |       |       ||   215
 Cast: Magic Dart        |    16 |       |    14 |     5 |       ||    35
       Searing Ray       |     6 |    13 |    27 |     1 |       ||    47
       Fulminant Prism   |       |       |    26 |   180 |    20 ||   226
       Iskenderun's Myst |       |       |    12 |    54 |     2 ||    68
Invok: Curse Item        |       |       |     3 |     2 |       ||     5
Evoke: Wand              |       |       |     2 |       |       ||     2
  Use: Scroll            |       |       |     9 |     2 |       ||    11
Armor: Skin              |     6 |     6 |     8 |     2 |       ||    22
Dodge: Dodged            |    32 |    32 |    96 |    27 |     1 ||   188
Block: Kite shield       |       |       |       |    17 |     3 ||    20
       Reflection        |       |       |       |     2 |       ||     2

Levels and vault maps discovered:
D:1:      dpeg_arrival_connections, layout_basic, serial_shops,
          nicolae_shop_statue_plus, dreamdust_ecumenical_altar_drowned_temple,
          hangedman_decor_growths, minmay_pentomino_w2
D:2:      layout_loops_ring, minmay_statues_item, uniq_jessica
D:3:      layout_loops_ring, serial_shops, nicolae_square_shop
D:4:      layout_basic, nicolae_ossuary_entry_ruins, uniq_duvessa
D:5:      layout_loops_cross, kennysheep_orc_sif_temple,
          minmay_temple_entry_statues_pillars, gup_sewer_entry_bubbles,
          minmay_puff
D:6:      layout_basic, trog_butcher_becter, lemuel_crystal_altar,
          gammafunk_temple_overflow_elements, serial_shops, shop,
          kennysheep_big_empty_room, uniq_eustachio
D:7:      layout_rooms, uniq_menkaure, uniq_joseph
D:8:      minmay_razor_zed, layout_basic, chequers_serial_rivers_micro_e,
          nicolae_figureground_sparkle, uniq_erica
D:9:      layout_rooms, fedhas_altar_fruit_tree, enter_bailey_5,
          kennysheep_generic_room_15, uniq_maggie
D:10:     layout_basic, david_orc_4, uniq_josephine
D:11:     layout_loops_cross, lair_entry_dummy, uniq_sonja
D:12:     layout_long_grid, hellmonk_ghost_big_iron, uniq_nessos, uniq_urug,
          uniq_frances
Temple:   lightli_temple_of_artemis
Lair:1:   layout_gridlike, basic_altar, minmay_holes, lemuel_fruit_fields
Lair:2:   layout_loops_ring, skrybe_swamp_entry_bodies, gauntlet_entry_generic,
          maelrawn_ghost_gauntlet_escape, lemuel_old_faithful,
          grunt_megastairs_5, lemuel_fruit_fields, uniq_amaemon
Lair:3:   layout_regular_city, minmay_snake_entry_spellcaster,
          infiniplex_staircase_pool, uniq_prince_ribbit2, uniq_rupert,
          uniq_snorg

Notes
Turn   | Place    | Note
-------+----------+-------------------------------------------
     0 | D:1      | Sobieck the Octopode Conjurer began the quest for the Orb.
     0 | D:1      | Reached XP level 1. HP: 11/11 MP: 3/3
   197 | D:1      | Reached XP level 2. HP: 18/18 MP: 0/5
   435 | D:1      | Found Lerphud's General Store.
   473 | D:1      | Learned a level 2 spell: Searing Ray
   704 | D:1      | Reached XP level 3. HP: 22/22 MP: 3/6
   718 | D:1      | Found a faded altar of an unknown god.
   770 | D:1      | Reached skill level 1 in Fighting
  1245 | D:2      | Noticed Jessica
  1251 | D:2      | Killed Jessica
  1252 | D:2      | Reached XP level 4. HP: 28/28 MP: 7/7
  2037 | D:3      | Identified the ring of Ujuut {rElec rPois rC- Dex+2 Stlth+}
  2113 | D:3      | Found Lore Mub's Assorted Antiques.
  2247 | D:3      | Reached skill level 5 in Conjurations
  2247 | D:3      | Reached XP level 5. HP: 29/34 MP: 3/8
  2378 | D:3      | Found the +4 skin of Zhor {*Englaciate rC+++ SInv}
  2431 | D:3      | Identified the +3 sling of Massacring {venom, rF++ Int+3}
  2813 | D:3      | Learned a level 4 spell: Fulminant Prism
  3007 | D:4      | Reached skill level 3 in Dodging
  3120 | D:4      | Reached skill level 2 in Fighting
  3153 | D:4      | Found a sand-covered staircase.
  3157 | D:4      | You pick up a book of Callings and begin reading...
  3157 | D:4      | You add the spells Summon Small Mammal, Call Canine
                  | Familiar and Summon Guardian Golem to your library.
  3165 | Ossuary  | Entered an ossuary
  3276 | D:4      | Reached skill level 1 in Hexes
  3542 | D:4      | Reached skill level 3 in Spellcasting
  3542 | D:4      | Reached XP level 6. HP: 30/39 MP: 10/10
  3626 | D:4      | Learned a level 4 spell: Iskenderun's Mystic Blast
  3634 | D:4      | Noticed Dowan
  3636 | D:4      | Noticed Duvessa
  3652 | D:4      | Killed Duvessa
  3653 | D:4      | Reached skill level 2 in Hexes
  3656 | D:4      | Killed Dowan
  4068 | D:4      | Reached XP level 7. HP: 34/45 MP: 6/11
  4335 | D:5      | Entered Level 5 of the Dungeon
  4339 | D:5      | Found a staircase to the Ecumenical Temple.
  4348 | Temple   | Entered the Ecumenical Temple
  4356 | Temple   | Became a worshipper of Ashenzari the Shackled
  4491 | D:5      | Found a glowing drain.
  4506 | Sewer    | Entered a sewer
  4862 | Sewer    | Found a viscous altar of Jiyva.
  4880 | Sewer    | Reached skill level 6 in Conjurations
  4880 | Sewer    | Reached skill level 3 in Hexes
  4927 | Sewer    | Reached skill level 3 in Fighting
  4959 | Sewer    | Identified a scroll of acquirement
  4959 | Sewer    | Acquired a staff of conjuration
  5746 | D:5      | Reached XP level 8. HP: 23/53 MP: 5/14
  5981 | D:5      | Reached skill level 4 in Dodging
  6221 | D:5      | Found a shimmering blue altar of Sif Muna.
  6328 | D:5      | Reached skill level 1 in Evocations
  6488 | D:6      | Reached skill level 4 in Spellcasting
  6573 | D:6      | Reached skill level 7 in Conjurations
  6672 | D:6      | Found an ornate altar of the Wu Jian Council.
  6697 | D:5      | Reached skill level 2 in Evocations
  6722 | D:6      | Reached skill level 4 in Fighting
  7048 | D:6      | Found a bloodstained altar of Trog.
  7123 | D:6      | Reached skill level 3 in Evocations
  7123 | D:6      | Reached XP level 9. HP: 28/60 MP: 10/16
  7301 | D:6      | Found a radiant altar of Vehumet.
  7301 | D:6      | Found an iron altar of Okawaru.
  7328 | D:6      | Found Woygaron's Assorted Antiques.
  7341 | D:6      | Reached skill level 8 in Conjurations
  7346 | D:6      | Reached * piety under Ashenzari
  7613 | D:6      | Noticed Eustachio
  7630 | D:6      | Killed Eustachio
  7857 | D:7      | Reached skill level 5 in Fighting
  7938 | D:7      | Reached skill level 4 in Evocations
  8083 | D:7      | Noticed Joseph
  8430 | D:7      | Reached skill level 9 in Conjurations
  9051 | D:7      | Noticed Menkaure
  9054 | D:7      | Killed Menkaure
  9190 | D:7      | You pick up a book of Blood and begin reading...
  9190 | D:7      | You add the spells Sublimation of Blood, Wereblood and
                  | Summon Hydra to your library.
  9430 | D:8      | Reached skill level 1 in Translocations
  9528 | D:8      | Reached skill level 5 in Evocations
  9604 | D:8      | Noticed Erica
  9613 | D:8      | Killed Erica
  9614 | D:8      | Reached skill level 6 in Fighting
  9614 | D:8      | Reached skill level 2 in Translocations
  9614 | D:8      | Reached XP level 10. HP: 71/71 MP: 0/18
  9726 | D:8      | Identified the +9 hand axe of Diet Blood {flame, rC- Str+4
                  | Int+3}
  9730 | D:8      | Reached skill level 10 in Conjurations
  9963 | D:8      | Reached skill level 3 in Translocations
  9978 | D:8      | Reached skill level 6 in Evocations
 10166 | D:8      | Killed an unseen horror
 10167 | D:8      | Reached skill level 7 in Fighting
 10331 | D:8      | Reached ** piety under Ashenzari
 10404 | D:8      | Reached skill level 7 in Evocations
 10676 | D:8      | Identified the Precepts of Unhallowed Arts and Venom
 10681 | D:8      | You add the spells Sting, Ignite Poison, Simulacrum and
                  | Haunt to your library.
 10699 | D:8      | Reached skill level 5 in Dodging
 11012 | D:9      | Noticed a two-headed ogre
 11017 | D:9      | Killed a two-headed ogre
 11018 | D:9      | Reached skill level 6 in Dodging
 11018 | D:9      | Reached skill level 4 in Stealth
 11018 | D:9      | Reached skill level 1 in Shields
 11018 | D:9      | Reached XP level 11. HP: 78/78 MP: 12/19
 11094 | D:9      | Reached skill level 2 in Shields
 11101 | D:9      | Reached skill level 5 in Stealth
 11109 | D:9      | Noticed Maggie
 11192 | D:9      | Reached skill level 3 in Shields
 11204 | D:9      | Killed Maggie
 11227 | D:9      | Found a flagged portal.
 11236 | Bailey   | Entered a bailey
 11373 | Bailey   | Identified the +6 fire dragon scales of Indestructible
                  | Beauty {rElec rF++ rC- MP+9 Slay-4 Stlth-}
 11374 | Bailey   | Reached skill level 4 in Shields
 11381 | Bailey   | Noticed an orc knight
 11382 | Bailey   | Noticed an orc knight
 11399 | Bailey   | Killed an orc knight
 11580 | Bailey   | Noticed an orc knight
 11600 | Bailey   | Killed an orc knight
 11601 | Bailey   | Reached skill level 5 in Shields
 11601 | Bailey   | Reached skill level 5 in Spellcasting
 11660 | Bailey   | Killed an orc knight
 12063 | D:9      | Found a blossoming altar of Fedhas.
 12343 | D:10     | Entered Level 10 of the Dungeon
 12351 | D:10     | Noticed a two-headed ogre
 12358 | D:10     | Killed a two-headed ogre
 12360 | D:10     | Noticed Josephine
 12362 | D:10     | Reached skill level 6 in Shields
 12449 | D:10     | Killed Josephine
 12450 | D:10     | Reached skill level 7 in Shields
 12749 | D:10     | Reached skill level 8 in Shields
 12880 | D:10     | Found a staircase to the Orcish Mines.
 13240 | D:11     | Identified the ring "Koginn" {+Blink rF+ rN++ Str-3 Int+3}
 13243 | D:11     | Found a staircase to the Lair.
 13315 | D:11     | Reached XP level 12. HP: 84/84 MP: 15/22
 13348 | D:11     | Noticed Sonja
 13592 | D:11     | Killed Sonja
 13593 | D:11     | Reached skill level 9 in Shields
 14165 | D:11     | Reached skill level 10 in Shields
 14165 | D:11     | Reached skill level 6 in Spellcasting
 14367 | D:12     | Noticed Frances
 14624 | Lair:1   | Entered Level 1 of the Lair of Beasts
 14642 | Lair:1   | Reached skill level 7 in Spellcasting
 14794 | Lair:1   | You pick up a book of Decay and begin reading...
 14794 | Lair:1   | You add the spells Corpse Rot, Dispel Undead and Death
                  | Channel to your library.
 14853 | Lair:1   | Noticed a seven-headed hydra
 14865 | Lair:1   | Killed a seven-headed hydra
 14866 | Lair:1   | Reached skill level 8 in Spellcasting
 15068 | Lair:1   | Reached skill level 9 in Spellcasting
 15214 | Lair:1   | Found a glowing golden altar of the Shining One.
 15868 | Lair:2   | Reached XP level 13. HP: 75/89 MP: 18/28
 15919 | Lair:2   | Found a gate leading to a gauntlet.
 15928 | Gauntlet | Entered a Gauntlet
 15928 | Gauntlet | Found a transporter.
 15928 | Gauntlet | Found a transporter.
 15928 | Gauntlet | Found a transporter.
 15957 | Gauntlet | Found a transporter.
 15960 | Gauntlet | Found a transporter.
 15970 | Gauntlet | Identified the ring "Efoen Loi" {rF++ rN+ Int+6}
 15971 | Gauntlet | Found a transporter.
 15973 | Gauntlet | Noticed a dire elephant
 15974 | Gauntlet | Found a transporter.
 15990 | Gauntlet | Noticed a blizzard demon
 15994 | Gauntlet | Found a transporter.
 16004 | Gauntlet | Identified the ring "Toicer" {Wiz rPois rF- rC++}
 16005 | Gauntlet | Found a transporter.
 16022 | Gauntlet | Found a transporter.
 16026 | Gauntlet | Found a transporter.
 16036 | Gauntlet | Found a transporter.
 16037 | Gauntlet | Noticed a dire elephant
 16084 | Gauntlet | Identified the ring of Ziaren {rF+ Slay+3 Stlth+}
 16336 | Lair:2   | Reached skill level 4 in Hexes
 16336 | Lair:2   | Reached skill level 11 in Conjurations
 16385 | Lair:2   | Found a staircase to the Swamp.
 16522 | Lair:2   | Noticed a minotaur
 16532 | Lair:2   | Found a runed translucent gate.
 16532 | Lair:2   | Found a runed translucent gate.
 16532 | Lair:2   | Found a runed translucent gate.
 16544 | Lair:2   | Noticed Mistam's ghost (journeyman TeCj)
 16565 | Lair:2   | Noticed Amaemon
 16580 | Lair:2   | Killed Amaemon
 17008 | Lair:3   | Noticed Rupert
 17021 | Lair:3   | Paralysed by Rupert for 5 turns
 17024 | Lair:3   | HP: 1/89 [Rupert/+4 vorpal great mace (27)]
 17024 | Lair:3   | Slain by Rupert

Vanquished Creatures
  Josephine (D:10)
  A hydra (Lair:1)
  2 two-headed ogres
  Erica (D:8)
  Sonja (D:11)
  Amaemon (Lair:2)
  2 bog bodies (Lair:2)
  3 orc knights (Bailey)
  A manticore (D:11)
  A black mamba (Lair:1)
  An orange demon (Lair:2)
  2 unseen horrors
  2 cane toads (Lair:1)
  Maggie (D:9)
  A kobold demonologist (D:11)
  2 rime drakes
  4 komodo dragons
  A hornet (D:9)
  A troll (D:10)
  3 blink frogs (Lair:1)
  31 yaks
  9 wraiths
  Eustachio (D:6)
  A wyvern (D:10)
  Menkaure (D:7)
  A basilisk (Lair:2)
  2 steam dragons
  An acid dragon (D:11)
  Duvessa (D:4)
  7 water moccasins
  3 black bears
  11 orc warriors
  6 ice beasts
  An ogre (D:6)
  20 wolves
  3 centaurs
  A phantom (D:6)
  3 kobold brigands
  A gnoll sergeant (D:8)
  3 necrophages
  3 bullfrogs
  3 scorpions (D:6)
  6 wights (D:8)
  Dowan (D:4)
  5 killer bees
  5 howler monkeys
  5 hounds
  6 jellies
  7 orc priests
  Jessica (D:2)
  5 iguanas
  13 orc wizards
  A mummy (D:4)
  7 gnolls
  7 adders
  A river rat (Sewer)
  A shadow imp (D:8)
  4 ufetubi
  5 worms
  3 dart slugs
  54 orcs
  8 ball pythons
  17 endoplasms
  10 giant cockroaches
  3 gnoll zombies (Ossuary)
  7 goblins
  9 hobgoblins
  5 jackals (D:1)
  13 kobolds
  A quokka (D:3)
  10 bats
  13 frilled lizards
  2 hobgoblin zombies (Ossuary)
  A kobold zombie (Ossuary)
  2 orc zombies (Ossuary)
  13 rats
  A spectral hobgoblin (D:1)
397 creatures vanquished.

Vanquished Creatures (others)
  A butterfly (Lair:2)
  20 demonic plants (Gauntlet)
  225 fulminant prisms
  7 fungi
  18 plants
271 creatures vanquished.

Grand Total: 668 creatures vanquished

Table legend:
 A = Non-vault XP
 B = Vault XP
 C = Vault XP percentage of total XP
 D = Non-vault monster count
 E = Vault monster count
 F = Vault count percentage of total count
                 A         B        C        D         E       F
            +---------+---------+-------+---------+---------+-------
      Total |   23321 |   13532 |  36.7 |     258 |     139 |  35.0
            +---------+---------+-------+---------+---------+-------
        D:1 |      60 |       5 |   7.7 |      34 |       3 |   8.1
        D:2 |      28 |      37 |  56.9 |      15 |       1 |   6.2
        D:3 |     108 |       0 |   0.0 |      21 |       0 |   0.0
        D:4 |     201 |     238 |  54.2 |      19 |       3 |  13.6
        D:5 |     489 |     132 |  21.3 |      12 |      11 |  47.8
        D:6 |    1054 |     542 |  34.0 |      13 |       5 |  27.8
        D:7 |     761 |     183 |  19.4 |      19 |       1 |   5.0
        D:8 |    3171 |    1937 |  37.9 |      27 |      14 |  34.1
        D:9 |     972 |    1213 |  55.5 |      16 |       6 |  27.3
       D:10 |    1732 |    2675 |  60.7 |      13 |      24 |  64.9
       D:11 |    4529 |     772 |  14.6 |      19 |       1 |   5.0
       D:12 |     432 |       0 |   0.0 |       2 |       0 |   0.0
     Lair:1 |    6621 |       0 |   0.0 |      29 |       0 |   0.0
     Lair:2 |    3163 |    3279 |  50.9 |      19 |       7 |  26.9
      Sewer |       0 |     241 | 100.0 |       0 |      30 | 100.0
    Ossuary |       0 |       9 | 100.0 |       0 |       8 | 100.0
     Bailey |       0 |    2269 | 100.0 |       0 |      25 | 100.0
            +---------+---------+-------+---------+---------+-------

Illustrated notes

Table legend:
 A = Kills in this place as a percentage of kills in entire the game.
 B = Kills by you in this place as a percentage of kills by you in the entire game.
 C = Kills by friends in this place as a percentage of kills by friends in the entire game.
 D = Other kills in this place as a percentage of other kills in the entire game.
 E = Experience gained in this place as a percentage of experience gained in the entire game.
 F = Experience gained in this place divided by the number of levels of this place that you have seen.
                   A       B       C       D       E      F
               +-------+-------+-------+-------+-------+----------------------
         Total | 100.0 | 100.0 |   N/A |   N/A | 100.0 | 1842.7
       Dungeon |  70.3 |  70.3 |   N/A |   N/A |  57.7 | 1772.6
          Lair |  13.9 |  13.9 |   N/A |   N/A |  35.4 | 4354.3
         Sewer |   7.6 |   7.6 |   N/A |   N/A |   0.7 | 241.0
       Ossuary |   2.0 |   2.0 |   N/A |   N/A |   0.0 |   9.0
        Bailey |   6.3 |   6.3 |   N/A |   N/A |   6.2 | 2269.0
               +-------+-------+-------+-------+-------+----------------------

Table legend: (Time is in decaauts)
 A = Elapsed time spent in this place.
 B = Non-inter-level travel time spent in this place.
 C = Inter-level travel time spent in this place.
 D = Time resting spent in this place.
 E = Time spent auto-exploring this place.
 F = Levels seen in this place.
 G = Mean time per level.
                   A        B        C        D        E       F      G
               +--------+--------+--------+--------+--------+-----+--------+
         Total |  17166 |  16570 |    596 |   3982 |   9572 |  20 |  858.3 |
       Dungeon |  13581 |  13085 |    496 |   3352 |   7656 |  12 | 1131.8 |
        Temple |     16 |      9 |      7 |      0 |      0 |   1 |   16.0 |
          Lair |   2074 |   1982 |     92 |    254 |   1422 |   3 |  691.3 |
         Sewer |    501 |    501 |      0 |    128 |    189 |   1 |  501.0 |
       Ossuary |     97 |     97 |      0 |     47 |      0 |   1 |   97.0 |
        Bailey |    599 |    599 |      0 |    200 |    144 |   1 |  599.0 |
      Gauntlet |    295 |    295 |      0 |      0 |    161 |   1 |  295.0 |
               +--------+--------+--------+--------+--------+-----+--------+

Top non-repeatable levels by time:
     D:6: 2195 daAuts
     D:5: 1704 daAuts
     D:4: 1515 daAuts
     D:8: 1481 daAuts
    D:11: 1255 daAuts
  Lair:1: 1163 daAuts
     D:1: 1152 daAuts
     D:3: 967 daAuts
    D:10: 950 daAuts
  Lair:2: 866 daAuts
     D:9: 843 daAuts
     D:2: 823 daAuts
     D:7: 685 daAuts
  Bailey: 599 daAuts
   Sewer: 501 daAuts
